 Dungeon Crawl Stone Soup version 0.25.1-2-g60ff931df9 (webtiles) character file.

Game seed: 1431130077818450087

3495 HawFromDerth the Grappler (level 9, 0/87 HPs)
             Began as a Troll Berserker on Sept 20, 2020.
             Was an Elder of Trog.
             Slain by a basilisk (14 damage)
             ... on level 9 of the Dungeon.
             The game lasted 00:11:20 (5269 turns).

HawFromDerth the Grappler (Troll Berserker)         Turns: 5269, Time: 00:11:21

Health: 0/87       AC: 10    Str: 30    XL:     9   Next: 80%
Magic:  8/8        EV: 11    Int:  3    God:    Trog [****..]
Gold:   440        SH:  0    Dex:  9    Spells: 8/8 levels left

rFire    . . .     SeeInvis .     - Unarmed
rCold    . . .     Gourm    +   (no shield)
rNeg     . . .     Faith    .   s - +2 troll leather armour
rPois    .         Spirit   .   (helmet restricted)
rElec    .         Reflect  .   (no cloak)
rCorr    .         Harm     .   (gloves unavailable)
MR       ++...                  (boots unavailable)
Stlth    +.........             (no amulet)
HPRegen  2.04/turn              (no ring)
MPRegen  0.11/turn              (no ring)

@: regenerating
A: large, unfitting armour, claws 3, fast metabolism 3, gourmand, regeneration
1, shaggy fur 1, tough skin 3
a: Berserk, Trog's Hand, Brothers in Arms, Renounce Religion


You were on level 9 of the Dungeon.
You worshipped Trog.
Trog was greatly pleased with you.
You were full.

You visited 1 branch of the dungeon, and saw 9 of its levels.

You collected 440 gold pieces.

Inventory:

Armour
 s - a +2 troll leather armour (worn)
Jewellery
 e - a cursed amulet of inaccuracy
Wands
 h - a wand of flame (14)
 i - a wand of clouds (13)
 n - a wand of iceblast (15)
 r - a wand of digging (5)
 v - a wand of paralysis (2)
Scrolls
 a - a scroll of amnesia {unknown}
 g - 2 scrolls of magic mapping
 k - a scroll of blinking
 l - 3 scrolls of teleportation
 t - 2 scrolls of identify
 u - 3 scrolls of fog {unknown}
 x - 2 scrolls of remove curse {unknown}
Potions
 c - a potion of flight
 d - a potion of invisibility
 f - 3 potions of curing
 m - 2 potions of haste
 p - a potion of lignification
 q - a potion of stabbing
Comestibles
 b - 20 rations


   Skills:
 * Level 4.9 Fighting
 + Level 2.2 Armour
 + Level 4.7 Dodging
 + Level 1.3 Stealth
 * Level 11.6 Unarmed Combat


You had 8 spell levels left.
You didn't know any spells.
Your spell library was empty.

Dungeon Overview and Level Annotations

Branches:
Dungeon (9/15)             Temple (0/1) D:5            Lair (0/6) D:9
    Orc: D:9-12

Altars:
Cheibriados
Elyvilon
Fedhas
Gozag
Kikubaaqudgha
Okawaru
Vehumet
Xom


Innate Abilities, Weirdness & Mutations

You are too large for most types of armour.
You have claws for hands.
Your metabolism is lightning-fast.
You like to eat raw meat.
Your natural rate of healing is unusually fast.
You are covered in fur. (AC +1)
You have extremely tough skin. (AC +3)


Message History

The centaur completely misses you. The basilisk gazes at you.
You resist with some effort. The basilisk bites you.
The centaur hits you but does no damage.
The basilisk bites you. The basilisk gazes at you. The centaur hits you.
The centaur hits you but does no damage.
The basilisk bites you.
The basilisk bites you but does no damage.
The centaur hits you but does no damage.
The basilisk gazes at you. You resist with some effort. The basilisk bites you.
The centaur hits you.
You turn to flesh and can move again.
Your skin crawls.
You feel resistant to hostile enchantments.
The centaur misses you. The basilisk bites you!
* * * LOW HITPOINT WARNING * * *
The basilisk bites you!
You die...

......... #...l...# .#
#..P.l..# #.## #....$#
...# ##...##### )..#
#........# ...####
.#.(...#..# #####.......
.#........###..l........
...>........†..l@c$.....
.#..%##...###...........
.#.........####.....).##
#........#.# #.#.......
####....##.# #.#..)#.##
#..####.# #.......#
##.###.## #..#.##.#
######....#####..... .#
..(#.......(....


You could see 2 basilisks and a centaur.

Vanquished Creatures
  An elephant (D:9)
  2 hippogriffs
  A wraith (D:9)
  A sky beast (D:9)
  An ice beast (D:8)
  3 orc warriors (D:8)
  A black bear (D:8)
  A phantom (D:8)
  A centaur (D:7)
  2 ogres
  A big kobold (D:5)
  A bullfrog (D:6)
  3 scorpions
  A howler monkey (D:4)
  8 wights
  3 crimson imps
  A bullfrog zombie (D:8)
  A quasit (D:5)
  A bullfrog skeleton (D:5)
  An orc priest (D:8)
  2 centaur skeletons (D:5)
  2 hounds
  4 orc wizards (D:8)
  2 iguanas
  Jessica (D:2)
  4 worker ants
  A howler monkey zombie (D:6)
  2 worker ant zombies
  Robin (D:3)
  8 adders
  4 gnolls (D:8)
  3 shadow imps
  4 adder skeletons
  4 worms
  3 dart slugs
  2 leopard geckos (D:2)
  27 orcs
  3 bat zombies (D:5)
  4 giant cockroaches
  11 goblins
  9 hobgoblins
  14 jackals
  10 kobolds
  3 quokkas
  A ball python (D:6)
  3 bats (D:2)
  6 frilled lizards
  A giant cockroach zombie (D:4)
  A jackal zombie (D:6)
  A leopard gecko zombie (D:5)
  7 rats (D:2)
  3 rat zombies (D:5)
186 creatures vanquished.

Vanquished Creatures (collateral kills)
  A troll (D:6)
1 creature vanquished.

Grand Total: 187 creatures vanquished

Notes
Turn   | Place    | Note
-------+----------+-------------------------------------------
     0 | D:1      | HawFromDerth the Troll Berserker began the quest for the
                  | Orb.
     0 | D:1      | Reached XP level 1. HP: 22/22 MP: 0/0
    23 | D:1      | You fall into a shaft and drop 1 floor!
    39 | D:2      | Reached XP level 2. HP: 13/29 MP: 1/1
   138 | D:2      | Noticed Jessica
   145 | D:2      | Killed Jessica
   145 | D:2      | Reached XP level 3. HP: 36/36 MP: 2/2
   270 | D:2      | Reached skill level 4 in Unarmed Combat
   273 | D:2      | Reached ** piety under Trog
   320 | D:2      | Reached XP level 4. HP: 45/45 MP: 3/3
   325 | D:2      | Found a shimmering altar of Xom.
   492 | D:2      | Found an iron altar of Okawaru.
   781 | D:3      | Found a radiant altar of Vehumet.
   805 | D:3      | Found a snail-covered altar of Cheibriados.
   810 | D:3      | Noticed Robin
   831 | D:3      | Killed Robin
   831 | D:3      | Reached XP level 5. HP: 41/53 MP: 4/4
  1011 | D:3      | Reached *** piety under Trog
  1195 | D:4      | Reached skill level 5 in Unarmed Combat
  1595 | D:4      | Reached XP level 6. HP: 61/61 MP: 5/5
  1866 | D:5      | Entered Level 5 of the Dungeon
  1876 | D:5      | Reached skill level 6 in Unarmed Combat
  2179 | D:5      | Reached XP level 7. HP: 60/67 MP: 6/6
  2431 | D:5      | Reached skill level 7 in Unarmed Combat
  2472 | D:5      | Reached **** piety under Trog
  2489 | D:5      | Found an ancient bone altar of Kikubaaqudgha.
  2694 | D:5      | Found a staircase to the Ecumenical Temple.
  3337 | D:6      | Noticed a troll
  3359 | D:6      | Killed a troll
  3359 | D:6      | Reached skill level 8 in Unarmed Combat
  3359 | D:6      | Reached XP level 8. HP: 38/78 MP: 7/7
  3520 | D:6      | Found a blossoming altar of Fedhas.
  3605 | D:6      | Reached skill level 9 in Unarmed Combat
  3965 | D:7      | Reached skill level 1 in Stealth
  4047 | D:7      | Found a white marble altar of Elyvilon.
  4052 | D:7      | Found an opulent altar of Gozag.
  4394 | D:8      | Reached skill level 10 in Unarmed Combat
  4397 | D:8      | Reached skill level 1 in Armour
  4423 | D:8      | Reached XP level 9. HP: 80/84 MP: 8/8
  5193 | D:9      | Reached skill level 11 in Unarmed Combat
  5229 | D:9      | Noticed an elephant
  5230 | D:9      | Found a staircase to the Lair.
  5258 | D:9      | Killed an elephant
  5269 | D:9      | Slain by a basilisk

Illustrated notes

Levels and vault maps discovered:
D:1:      eino_arrival_water_cross, layout_basic
D:2:      layout_rooms, lemuel_round_altar, overflow_temple_1_default,
          minmay_tetromino_i4, uniq_jessica
D:3:      layout_rooms, vehumet_crystals, kennysheep_slug_shrine, uniq_robin
D:4:      layout_cave_pools, first_ration, chequers_serial_rivers_large_b,
          mrwooster_statue_mirror
D:5:      cheibrodos_thug_alley, layout_loops_corners,
          lemuel_zombie_altar_kikubaaqudgha,
          minmay_temple_entry_enclosed_plants, minmay_manual_mail
D:6:      layout_gridville, old_standard_altar
D:7:      layout_basic, grunt_temple_overflow_open
D:8:      layout_loops_ring
D:9:      layout_loops_cross, yredelemnul_forgotten_temple_becter,
          david_lair_generic

Skill      XL: |  1  2  3  4  5  6  7  8  9 |
---------------+----------------------------+-----
Fighting       | 3 4 |  4.9
Unarmed Combat | 4 5 6 8 10 11 | 11.6
Dodging        | 3 4 |  4.7
Stealth        | 1 |  1.3
Armour         | 1 2 |  2.2

Action                   |  1- 3 |  4- 6 |  7- 9 || total
-------------------------+-------+-------+-------++-------
Melee: Unarmed           |    54 |   189 |   230 ||   473
       Punch             |     1 |     3 |     5 ||     9
Invok: Berserk           |       |     1 |       ||     1
       Brothers in Arms  |       |       |     1 ||     1
       Trog's Hand       |       |       |     3 ||     3
  Use: Scroll            |       |     6 |     6 ||    12
       Potion            |       |     6 |     3 ||     9
 Stab: Distracted        |       |     1 |       ||     1
       Sleeping          |       |       |     1 ||     1
  Eat: Chunk             |     8 |    17 |    29 ||    54
Armor: Animal skin       |    15 |    97 |    35 ||   147
       Troll leather arm |       |       |    66 ||    66
Dodge: Dodged            |    30 |   138 |   132 ||   300
